 Dungeon Crawl Stone Soup version 0.22-a0-447-gee5f723 (webtiles) character file.

133 grizmgrazm2 the Chopper (level 4, -12/37 HPs)
             Began as a Minotaur Gladiator on June 3, 2018.
             Mangled by ArgaWasAlreadyTaken's ghost (15 damage)
             ... on level 4 of the Dungeon.
             The game lasted 00:02:59 (1529 turns).

grizmgrazm2 the Chopper (Minotaur Gladiator)        Turns: 1529, Time: 00:03:00

Health: -12/37     AC:  7    Str: 19    XL:     4   Next: 94%
Magic:  3/3        EV: 12    Int:  5    God:
Gold:   159        SH:  0    Dex: 12    Spells: 3/3 levels left

rFire    . . .     SeeInvis .   a - +0 war axe
rCold    . . .     Gourm    .   (no shield)
rNeg     . . .     Faith    .   o - +2 ring mail {MR+}
rPois    .         Spirit   .   c - +0 hat
rElec    .         Reflect  .   (no cloak)
rCorr    .         Harm     .   (no gloves)
MR       +....                  (no boots)
Stlth    +.........             n - amulet of magic regeneration
HPRegen  0.12/turn              (no ring)
MPRegen  0.33/turn              (no ring)

@: no status effects
A: retaliatory headbutt, horns 2
a: no special abilities


You were on level 4 of the Dungeon.
You were not hungry.

You visited 1 branch of the dungeon, and saw 4 of its levels.

You collected 159 gold pieces.

Inventory:

Hand Weapons
 a - a +0 war axe (weapon)
 g - a +0 flail
Missiles
 d - 3 throwing nets (quivered)
Armour
 c - a +0 hat (worn)
 o - a +2 ring mail of magic resistance (worn)
Jewellery
 n - an amulet of magic regeneration (around neck)
Scrolls
 b - 2 scrolls of remove curse {unknown}
 h - a scroll of enchant armour {unknown}
 i - 2 scrolls of teleportation {unknown}
 m - a scroll of blinking {unknown}
 p - a scroll of fear {unknown}
 r - a scroll of immolation {unknown}
 s - a scroll of identify {unknown}
Potions
 j - 2 potions of invisibility {unknown}
 k - 3 potions of berserk rage {unknown}
 l - a potion of might {unknown}
 q - a potion of haste {unknown}
 t - a potion of lignification {unknown}
Comestibles
 f - 6 rations


   Skills:
 + Level 2.9 Fighting
 + Level 5.0 Axes
 + Level 2.8 Throwing
 + Level 2.2 Armour
 + Level 4.0 Dodging


You had 3 spell levels left.
You didn't know any spells.
Your spell library was empty.

Dungeon Overview and Level Annotations

Branches:
Dungeon (4/15)
 Temple: D:4-7

Altars:

Annotations:
D:4 ArgaWasAlreadyTaken's ghost, amateur GrFi


Innate Abilities, Weirdness & Mutations

You reflexively headbutt those who attack you in melee.
You have a pair of horns on your head.


Message History

ArgaWasAlreadyTaken's ghost hits you but does no damage.
You hit ArgaWasAlreadyTaken's ghost but do no damage.
ArgaWasAlreadyTaken's ghost is heavily damaged.
ArgaWasAlreadyTaken's ghost hits you!
You hit ArgaWasAlreadyTaken's ghost.
ArgaWasAlreadyTaken's ghost is heavily damaged.
ArgaWasAlreadyTaken's ghost hits you but does no damage.
ArgaWasAlreadyTaken's ghost hits you.
You hit ArgaWasAlreadyTaken's ghost but do no damage.
ArgaWasAlreadyTaken's ghost is heavily damaged.
ArgaWasAlreadyTaken's ghost hits you!
* * * LOW HITPOINT WARNING * * *
It was a potion of curing.
You feel better. ArgaWasAlreadyTaken's ghost hits you!
* * * LOW HITPOINT WARNING * * *
You barely miss ArgaWasAlreadyTaken's ghost.
Your headbutt misses ArgaWasAlreadyTaken's ghost.
ArgaWasAlreadyTaken's ghost is heavily damaged.
ArgaWasAlreadyTaken's ghost hits you!
You die...

...# #..# # #.#.# #.## #
##....# #.# # #.....# #.#
#.#.....# #.# #.#.....#
#.## #.......# #..## #
####...###########...####
+......W@...............'
####...###########...####
##..# #..## # ##.# #.##
..# #..## ### ###..####
##.......# ##..♣...♣..
#..........


You could see ArgaWasAlreadyTaken's ghost.

Vanquished Creatures
  4 gnolls
  3 adders
  An ooze (D:1)
  3 worms
  An adder skeleton (D:4)
  2 dart slugs
  A leopard gecko (D:4)
  5 orcs (D:3)
  4 bats
  3 goblins
  4 hobgoblins
  3 jackals (D:3)
  3 kobolds
  2 quokkas
  3 frilled lizards
42 creatures vanquished.

Notes
Turn   | Place    | Note
-------+----------+-------------------------------------------
     0 | D:1      | grizmgrazm2 the Minotaur Gladiator began the quest for the Orb.
     0 | D:1      | Reached XP level 1. HP: 18/18 MP: 0/0
    68 | D:1      | Reached XP level 2. HP: 22/25 MP: 1/1
    98 | D:1      | Reached skill level 4 in Axes
    98 | D:1      | Reached XP level 3. HP: 20/30 MP: 2/2
   781 | D:2      | Reached XP level 4. HP: 26/37 MP: 3/3
   977 | D:3      | Reached skill level 1 in Armour
  1490 | D:4      | Reached skill level 5 in Axes
  1515 | D:4      | Noticed ArgaWasAlreadyTaken's ghost (amateur GrFi)
  1529 | D:4      | Mangled by ArgaWasAlreadyTaken's ghost

Vault maps used:
D:1:      roderic_dead_forest, palyth_stone_intersect, minmay_cut_off
D:2:      minmay_tromino_i2
D:4:      first_ration, grunt_ministairs_10, uniq_duvessa

Skill      XL: |  1  2  3  4 |
---------------+-------------+-----
Axes           | 4 5 |  5.0
Armour         | 2 |  2.2
Dodging        | 4 |  4.0
Fighting       | |  2.9
Throwing       | |  2.8

Action                   |  1- 3 |  4- 6 || total
-------------------------+-------+-------++-------
Melee: War axe           |    43 |    65 ||   108
       Headbutt          |     5 |     8 ||    13
  Use: Potion            |       |     1 ||     1
  Eat: Chunk             |       |     2 ||     2
Armor: Leather armour    |     3 |       ||     3
       Ring mail         |       |    19 ||    19
Dodge: Dodged            |    39 |    43 ||    82

Table legend:
 A = Spawn XP
 B = Non-spawn XP
 C = Spawn XP percentage of total XP
 D = Spawn monster count
 E = Non-spawn monster count
 F = Spawn count percentage of total count
 G = Total turns spent on level
                    A         B        C        D         E        F      G
               +---------+---------+-------+---------+---------+-------+---------
         Total |       0 |     191 |   0.0 |       0 |      42 |   0.0 |  1529
               +---------+---------+-------+---------+---------+-------+---------
           D:1 |       0 |      27 |   0.0 |       0 |       5 |   0.0 |   180
           D:2 |       0 |      88 |   0.0 |       0 |      14 |   0.0 |   768
           D:3 |       0 |      58 |   0.0 |       0 |      19 |   0.0 |   446
           D:4 |       0 |      18 |   0.0 |       0 |       4 |   0.0 |   135
               +---------+---------+-------+---------+---------+-------+---------
